[Event "ICC tourney 3383 (40 10)"]
[Site "Internet Chess Club"]
[Date "2024.02.10"]
[Round "2"]
[White "JAGAN, AASHISH:aashishjagan"]
[Black "LIANG, YU-CHENG:Yucheng"]
[Result "0-1"]
[ICCResult "White resigns"]
[WhiteElo "1818"]
[BlackElo "2213"]
[Opening "English: symmetrical, hedgehog system"]
[ECO "A15"]
[NIC "EO.40"]
[Time "13:15:45"]
[PlyCount "72"]
[TimeControl "2400+10"]

1. c4 Nf6 2. Nf3 e6 3. g3 b6 4. Bg2 Bb7 5. O-O c5 6. Nc3 Be7 7. d3 O-O 8. b3
a6 9. e3 Qc7 10. Bb2 Rd8 11. Qe2 Nc6 12. Rfd1 Rac8 13. Rac1 Qb8 14. Ba1 Bf8
15. h3 Qa8 16. Na4 Qa7 17. Ng5 d6 18. g4 b5 19. Nc3 b4 20. Nce4 Nxe4 21.
Bxe4 h6 22. Nf3 f5 23. Bxc6 Bxc6 24. d4 Qf7 25. d5 exd5 26. gxf5 dxc4 27.
Nh4 c3 28. Qg4 d5 29. Rxc3 bxc3 30. Bxc3 Be7 31. f6 Bxf6 32. Nf5 Kh7 33.
Bxf6 Qxf6 34. Kh2 Bd7 35. Rxd5 Be6 36. Nxg7 Bxg4 {White resigns} 0-1

[Event "ICC tourney 3383 (40 10)"]
[Site "Internet Chess Club"]
[Date "2024.02.10"]
[Round "2"]
[White "A Knapp, Joseph:jukebox"]
[Black "Li, Alex:AlexLi31415"]
[Result "1-0"]
[ICCResult "Black checkmated"]
[WhiteElo "2002"]
[BlackElo "1835"]
[Opening "Réti opening"]
[ECO "A05"]
[NIC "QP.11"]
[Time "13:16:18"]
[PlyCount "89"]
[TimeControl "2400+10"]

1. Nf3 Nf6 2. b3 d5 3. e3 e6 4. c4 Be7 5. Bb2 O-O 6. Nc3 Nbd7 7. Qc2 c6 8.
Be2 Re8 9. h4 b6 10. Rg1 h5 11. cxd5 exd5 12. Nd4 Bb7 13. Nf5 c5 14. g4 d4
15. Nb5 Be4 16. Nxe7+ Rxe7 17. d3 Bg6 18. gxh5 Nxh5 19. O-O-O a6 20. Nd6
Ndf6 21. Bf3 Raa7 22. Ne4 Nxe4 23. dxe4 Rad7 24. Kb1 Nf6 25. Rxg6 fxg6 26.
exd4 cxd4 27. Rg1 Rc7 28. Qd3 Kf7 29. e5 Rxe5 30. Qxg6+ Kg8 31. Bc1 d3 32.
Bf4 Ree7 33. Rd1 d2 34. Rxd2 Rcd7 35. Rc2 Re1+ 36. Kb2 Rd3 37. Rc7 Qd4+ 38.
Ka3 Rxb3+ 39. Kxb3 Rb1+ 40. Qxb1 Qxf4 41. Rc8+ Kf7 42. Qd3 a5 43. Bd5+ Ke7
44. Bc4 Ne4 45. Qd8# {Black checkmated} 1-0

[Event "ICC tourney 3383 (40 10)"]
[Site "Internet Chess Club"]
[Date "2024.02.10"]
[Round "2"]
[White "GU, CRYSTAL JIUZHOU:fantasymoon"]
[Black "GUI, SUYUAN:EatSleepChess"]
[Result "0-1"]
[ICCResult "White resigns"]
[WhiteElo "2055"]
[BlackElo "1998"]
[Opening "Caro-Kann: exchange variation"]
[ECO "B13"]
[NIC "CK.02"]
[Time "13:16:18"]
[PlyCount "120"]
[TimeControl "2400+10"]

1. e4 c6 2. d4 d5 3. exd5 cxd5 4. Nf3 Nc6 5. c3 Bf5 6. Bd3 Bxd3 7. Qxd3 Nf6
8. O-O g6 9. Bf4 Bg7 10. Nbd2 O-O 11. Ne5 Qb6 12. Nb3 Rfd8 13. Rfe1 Nxe5 14.
Bxe5 Rac8 15. Qe2 e6 16. Nc5 Ne8 17. Bxg7 Kxg7 18. Qc2 Nd6 19. Re2 Re8 20.
Rae1 Qc6 21. Qc1 b6 22. Nd3 Nc4 23. Ne5 Nxe5 24. Rxe5 b5 25. Qf4 b4 26. R5e3
Qc7 27. Qh4 Qe7 28. Qg3 bxc3 29. bxc3 Rc4 30. Qe5+ Qf6 31. Qxf6+ Kxf6 32.
Rf3+ Ke7 33. Rb1 Rec8 34. g3 Rxc3 35. Rxc3 Rxc3 36. Rb7+ Kf6 37. Rxa7 Rc4
38. a4 Rxd4 39. a5 Ra4 40. a6 d4 41. Ra8 e5 42. a7 Ra1+ 43. Kg2 Ke7 44. Kf3
Ra3+ 45. Ke2 e4 46. Kd2 Ra2+ 47. Ke1 Kf6 48. Re8 Rxa7 49. Rxe4 Re7 50. Rxe7
Kxe7 51. Kd2 Kd6 52. Kd3 Kd5 53. f3 f6 54. h3 h6 55. h4 g5 56. hxg5 hxg5 57.
g4 Ke5 58. Kc4 Kf4 59. Kxd4 Kxf3 60. Kd3 Kxg4 {White resigns} 0-1

[Event "ICC tourney 3383 (40 10)"]
[Site "Internet Chess Club"]
[Date "2024.02.10"]
[Round "3"]
[White "STEVENS, ADAM BENJAMIN:Dabs2"]
[Black "WANG, RACHEL ZIHAN:Rachelw07511"]
[Result "1-0"]
[ICCResult "Black checkmated"]
[WhiteElo "2037"]
[BlackElo "1903"]
[Opening "QGA: classical variation, 6.O-O"]
[ECO "D26"]
[NIC "QG.08"]
[Time "15:30:34"]
[PlyCount "83"]
[TimeControl "2400+10"]

1. d4 d5 2. c4 dxc4 3. Nf3 Nf6 4. e3 e6 5. Bxc4 c5 6. O-O Nc6 7. Qe2 cxd4 8.
Rd1 Be7 9. exd4 O-O 10. Nc3 Na5 11. Bd3 Nd5 12. Bd2 b6 13. Nxd5 exd5 14.
Bxa5 bxa5 15. Ne5 Bf6 16. Rac1 Be6 17. Qc2 g6 18. Qc7 Bg5 19. Rc5 Qxc7 20.
Rxc7 Rfc8 21. Rc6 Bf4 22. Ra6 Rcb8 23. b3 Rb4 24. Nc6 Rb6 25. Nxa5 Bc8 26.
Rxb6 axb6 27. Nc6 Bd7 28. Ne7+ Kg7 29. Nxd5 Bh6 30. Nxb6 Ra7 31. Nxd7 Rxd7
32. Bc4 Bg5 33. d5 Be7 34. a4 Bb4 35. Kf1 Rd6 36. Ke2 Kf6 37. Rd3 Ke7 38.
Re3+ Kf6 39. Kd3 Kf5 40. Rf3+ Ke5 41. Rxf7 h5 42. f4# {Black checkmated} 1-0

[Event "ICC tourney 3383 (40 10)"]
[Site "Internet Chess Club"]
[Date "2024.02.10"]
[Round "3"]
[White "LIANG, YU-CHENG:Yucheng"]
[Black "TAO, SIHAN:pangpangba"]
[Result "1/2-1/2"]
[ICCResult "Game drawn by mutual agreement"]
[WhiteElo "2213"]
[BlackElo "2245"]
[Opening "English opening"]
[ECO "A05"]
[NIC "QP.11"]
[Time "15:30:02"]
[PlyCount "45"]
[TimeControl "2400+10"]

1. Nf3 Nf6 2. c4 e6 3. b3 d5 4. e3 Be7 5. Bb2 O-O 6. Be2 c5 7. O-O Nc6 8. d4
cxd4 9. Nxd4 Nxd4 10. Qxd4 dxc4 11. Bxc4 Qxd4 12. Bxd4 b6 13. Nd2 Bb7 14.
Nf3 Rfd8 15. Rfd1 Rac8 16. Bb2 Rxd1+ 17. Rxd1 Rd8 18. Rxd8+ Bxd8 19. Nd4 Ne4
20. f3 Nd6 21. Bd3 e5 22. Nf5 Nxf5 23. Bxf5 {Game drawn by mutual agreement}
1/2-1/2

[Event "ICC tourney 3383 (40 10)"]
[Site "Internet Chess Club"]
[Date "2024.02.10"]
[Round "3"]
[White "CHENG, ERIC:EricCheng-131"]
[Black "OPASKA, MICHAEL:mopaska1106"]
[Result "0-1"]
[ICCResult "White resigns"]
[WhiteElo "1860"]
[BlackElo "2053"]
[Opening "Caro-Kann: Tartakower (Nimzovich) variation"]
[ECO "B15"]
[NIC "CK.06"]
[Time "15:30:05"]
[PlyCount "102"]
[TimeControl "2400+10"]

1. e4 c6 2. d4 d5 3. Nc3 dxe4 4. Nxe4 Nf6 5. Nxf6+ exf6 6. Nf3 Bd6 7. Be2
O-O 8. O-O Bg4 9. c4 Nd7 10. Bd2 Re8 11. Re1 Qc7 12. h3 Bh5 13. Nh4 Bxe2 14.
Rxe2 g6 15. Qe1 Rxe2 16. Qxe2 c5 17. d5 Be5 18. Bc3 Re8 19. Kh1 Re7 20. Bxe5
fxe5 21. Nf3 Qd6 22. Ng5 f5 23. Ne6 Nf8 24. Nxf8 Kxf8 25. Qd2 Kg7 26. a3 a6
27. b4 Rc7 28. Qc3 cxb4 29. axb4 Qxd5 30. Re1 Rxc4 31. Rxe5 Rxc3 32. Rxd5
Rc7 33. Kh2 Kf7 34. f4 Ke6 35. Re5+ Kd6 36. Kg3 Rc4 37. b5 a5 38. Re8 a4 39.
Rb8 a3 40. Rxb7 Ra4 41. Rb6+ Kd7 42. Rc6 a2 43. Rc1 a1=Q 44. Rxa1 Rxa1 45.
Kh4 Rf1 46. Kg5 Rf2 47. g4 Ke6 48. h4 fxg4 49. Kxg4 Rb2 50. h5 Rxb5 51. hxg6
hxg6 {White resigns} 0-1

[Event "ICC tourney 3383 (40 10)"]
[Site "Internet Chess Club"]
[Date "2024.02.10"]
[Round "3"]
[White "KARTHIKEYAN, HARISHKUMAR:TheThinker15647"]
[Black "HSIAO, ETHAN:tashunhsiao"]
[Result "0-1"]
[ICCResult "White resigns"]
[WhiteElo "1953"]
[BlackElo "2076"]
[Opening "French: advance, Euwe variation"]
[ECO "C02"]
[NIC "FR.03"]
[Time "15:30:52"]
[PlyCount "64"]
[TimeControl "2400+10"]

1. e4 e6 2. d4 d5 3. e5 c5 4. c3 Nc6 5. Nf3 Bd7 6. a3 c4 7. g3 f6 8. exf6
Nxf6 9. Bg2 Bd6 10. O-O O-O 11. Re1 Qc7 12. Qe2 Rae8 13. Ne5 Bc8 14. Bf4 Nd7
15. Nd2 Bxe5 16. dxe5 Nc5 17. Qg4 Nd3 18. Re3 Rf5 19. Nf3 Ref8 20. Nh4 R5f7
21. Rf3 Bd7 22. Qh5 Be8 23. Qg4 Qb6 24. Qxe6 Qxb2 25. Rf1 Qb5 26. Rxd3 cxd3
27. Qxd5 Ne7 28. Qa2 Bc6 29. e6 Rxf4 30. gxf4 Rxf4 31. Qd2 Rxh4 32. Qg5 Qxg5
{White resigns}
0-1

[Event "ICC tourney 3383 (40 10)"]
[Site "Internet Chess Club"]
[Date "2024.02.10"]
[Round "3"]
[White "MARKOVIC, GORAN:Goran21"]
[Black "Li, Alex:AlexLi31415"]
[Result "1-0"]
[ICCResult "Black resigns"]
[WhiteElo "2006"]
[BlackElo "1835"]
[Opening "Réti: King's Indian attack, French variation"]
[ECO "B40"]
[NIC "SI.43"]
[Time "15:30:04"]
[PlyCount "115"]
[TimeControl "2400+10"]

1. e4 c5 2. Nf3 e6 3. d3 Nc6 4. g3 d5 5. Nbd2 Be7 6. Bg2 Nf6 7. O-O O-O 8.
Re1 a6 9. e5 Nd7 10. h4 b5 11. Nf1 Bb7 12. Bf4 Qb6 13. Bh3 Rfc8 14. Ng5 Nf8
15. Qh5 Bxg5 16. Bxg5 Ng6 17. Nh2 Nd4 18. Rac1 Nf5 19. Qd1 h6 20. Bd2 c4 21.
h5 Nf8 22. Bg2 d4 23. Be4 Nd7 24. Ng4 cxd3 25. cxd3 Rxc1 26. Bxc1 Nc5 27.
Bxb7 Qxb7 28. Nh2 Kh7 29. b3 Qd5 30. Bf4 g5 31. hxg6+ fxg6 32. Ng4 Kg7 33.
Nf6 Qd8 34. Qf3 Rc8 35. Rc1 g5 36. Bd2 Kh8 37. b4 Nd7 38. Qb7 Rxc1+ 39. Bxc1
Nxf6 40. exf6 Qxf6 41. Qxa6 Qe5 42. Qa8+ Kh7 43. Qb7+ Kg6 44. Qc6 h5 45.
Qe8+ Kh6 46. Qf8+ Kg6 47. Qg8+ Ng7 48. Qc8 Qe1+ 49. Kg2 g4 50. Bf4 Qe2 51.
Qc5 Qf3+ 52. Kg1 Qxd3 53. Qg5+ Kf7 54. Be5 Qd1+ 55. Kh2 Nf5 56. Qf6+ Ke8 57.
Qxe6+ Kd8 58. Qxf5 {Black resigns} 1-0

[Event "ICC tourney 3383 (40 10)"]
[Site "Internet Chess Club"]
[Date "2024.02.10"]
[Round "3"]
[White "KONA, VIDIP KUMAR:Vidipkona"]
[Black "Pan, Zachary:panfeng1"]
[Result "1-0"]
[ICCResult "Black resigns"]
[WhiteElo "2060"]
[BlackElo "1958"]
[Opening "Queen's Indian: old main line, 7.Nc3"]
[ECO "E18"]
[NIC "QI.09"]
[Time "15:30:07"]
[PlyCount "127"]
[TimeControl "2400+10"]

1. Nf3 Nf6 2. c4 b6 3. g3 Bb7 4. Bg2 e6 5. O-O Be7 6. Nc3 O-O 7. d4 d5 8.
cxd5 exd5 9. Bf4 Nbd7 10. Rc1 a6 11. Ne5 Bd6 12. e3 Re8 13. Nd3 Nf8 14. Qb3
Bxf4 15. Nxf4 c6 16. Na4 N8d7 17. Nd3 Ne4 18. Qc2 Rc8 19. Rfd1 f5 20. Qb3
Kh8 21. Bh3 g6 22. Bg2 Ba8 23. Ne5 Nxe5 24. dxe5 b5 25. Nc5 Nxc5 26. Rxc5
Qe7 27. Rdc1 Bb7 28. f4 Qe6 29. Qc3 Kg8 30. b4 Red8 31. Qd4 Ra8 32. Qc3 Rd7
33. Rd1 Rdd8 34. Rd4 Qe8 35. Qa3 Qe7 36. Qa5 Rdb8 37. h4 h5 38. Bf1 Kh8 39.
Bd3 Kg8 40. Bc2 Kh8 41. Bb3 Rd8 42. a4 Rdb8 43. Qb6 Rc8 44. Rc3 Rab8 45. a5
Kg7 46. Qc5 Qxc5 47. Rxc5 Kf7 48. Kf2 Ke6 49. Ke2 Rd8 50. Kd2 Rbc8 51. Kc3
Rd7 52. Rd2 Ba8 53. Rdxd5 cxd5 54. Rxc8 Bb7 55. Rc5 Ke7 56. Kd4 Ke6 57. Ba2
Ba8 58. Bb1 Bb7 59. Bd3 Ke7 60. Be2 Ke6 61. Bf3 Ba8 62. Rc8 Bb7 63. Rb8 Ke7
64. Kc5 {Black resigns} 1-0

[Event "ICC tourney 3383 (40 10)"]
[Site "Internet Chess Club"]
[Date "2024.02.10"]
[Round "3"]
[White "SANTOS LATASA, JAIME:jsl1996"]
[Black "Liang, Jason:Jupiter435"]
[Result "1-0"]
[ICCResult "Black resigns"]
[WhiteElo "2662"]
[BlackElo "2525"]
[Opening "Four knights game"]
[ECO "C47"]
[NIC "KP.06"]
[Time "15:30:04"]
[PlyCount "111"]
[TimeControl "2400+10"]

1. e4 e5 2. Nf3 Nc6 3. Nc3 Nf6 4. h3 Bb4 5. a3 Bxc3 6. dxc3 Nxe4 7. Nxe5
Nxe5 8. Qd4 O-O 9. Qxe4 d5 10. Qa4 Qe8 11. Qxe8 Rxe8 12. Kd1 Bf5 13. b3 c5
14. Bd2 d4 15. Kc1 Rad8 16. Bb5 Bd7 17. a4 a6 18. Bxd7 Nxd7 19. Re1 Nf6 20.
cxd4 cxd4 21. Kb2 Nd5 22. a5 Nc7 23. Rxe8+ Rxe8 24. Re1 Rxe1 25. Bxe1 Nb5
26. Kc1 f6 27. Kd2 Kf7 28. Kd3 Ke6 29. f4 Kd5 30. Bf2 f5 31. b4 Na3 32. Bxd4
Nxc2 33. Bc3 Na3 34. Bxg7 h5 35. Bf8 Nb5 36. Ke3 Nd4 37. Bc5 Nc2+ 38. Kd2
Na3 39. Kd3 Nb5 40. Ke3 Nc3 41. Kf3 Ne4 42. Bb6 Nd6 43. Kg3 Nc4 44. Bc7 Kc6
45. Bd8 Ne3 46. Kh4 Nxg2+ 47. Kg5 Kd7 48. Bb6 Ke6 49. Bf2 h4 50. Bxh4 Ne3
51. Kg6 Nd5 52. Bg5 Nxb4 53. h4 Nc6 54. h5 Nb8 55. h6 Nd7 56. Kg7
{Black resigns}
1-0

[Event "ICC tourney 3383 (40 10)"]
[Site "Internet Chess Club"]
[Date "2024.02.10"]
[Round "3"]
[White "SOWA, RYAN:Stone-Castle"]
[Black "JAGAN, AASHISH:aashishjagan"]
[Result "1/2-1/2"]
[ICCResult "Game drawn by mutual agreement"]
[WhiteElo "2277"]
[BlackElo "1818"]
[Opening "Queen's pawn game"]
[ECO "D00"]
[NIC "QP.07"]
[Time "15:30:34"]
[PlyCount "84"]
[TimeControl "2400+10"]

1. d4 Nf6 2. Nc3 d5 3. Bf4 c6 4. e3 Bf5 5. Nf3 e6 6. Ne5 Bb4 7. Bd3 Nbd7 8.
O-O O-O 9. Bxf5 exf5 10. Qd3 Ne4 11. Nxe4 fxe4 12. Qb3 Nxe5 13. Qxb4 Nc4 14.
Qxb7 g5 15. Bg3 f5 16. Be5 Rf7 17. Qxc6 Rc8 18. Qb5 Nxe5 19. dxe5 Rxc2 20.
Rad1 Rd7 21. Rd4 Kf7 22. Qa6 Qb6 23. Qa4 Qc6 24. Qb3 Ke6 25. Qb8 Qc8 26. Qb3
Kxe5 27. Rfd1 Rc5 28. Qa4 Qc6 29. Qa3 Ke6 30. b4 Rc4 31. Qb2 Qb5 32. a3 a5
33. Qd2 axb4 34. axb4 Qc6 35. Qb2 Qb5 36. h3 Qa4 37. b5 Rc2 38. Qb1 Qa2 39.
Qxa2 Rxa2 40. Rc1 Rb2 41. Rc6+ Rd6 42. Rc5 h5 {Game drawn by mutual
agreement} 1/2-1/2

[Event "ICC tourney 3383 (40 10)"]
[Site "Internet Chess Club"]
[Date "2024.02.10"]
[Round "3"]
[White "Yang, Daniel:danielbest"]
[Black "Pendse, Vihaan:awakeprize"]
[Result "1/2-1/2"]
[ICCResult "Game drawn by mutual agreement"]
[WhiteElo "2146"]
[BlackElo "2008"]
[Opening "QGD: exchange, positional line"]
[ECO "D35"]
[NIC "QO.16"]
[Time "15:30:13"]
[PlyCount "92"]
[TimeControl "2400+10"]

1. d4 Nf6 2. c4 e6 3. Nc3 d5 4. cxd5 exd5 5. Bg5 Nbd7 6. e3 Be7 7. Bd3 O-O
8. Nge2 c6 9. O-O Re8 10. Qc2 h6 11. Bh4 Ne4 12. Bxe7 Qxe7 13. Rae1 Ndf6 14.
f3 Nxc3 15. Nxc3 Qd6 16. Qf2 Be6 17. h3 Rad8 18. Ne2 Qd7 19. g4 Qc7 20. Rc1
Qe7 21. Nf4 Bd7 22. Rfe1 Qd6 23. Kg2 g5 24. Ne2 h5 25. h4 hxg4 26. hxg5
gxf3+ 27. Qxf3 Ng4 28. Ng3 Qe7 29. Qf4 f6 30. Bf5 Nxe3+ 31. Kf2 fxg5 32.
Qxe3 Qf6 33. Qf3 Qxd4+ 34. Kg2 Qxb2+ 35. Kh1 Qh8+ 36. Kg2 Rf8 37. Rh1 Qb2+
38. Rc2 Qxc2+ 39. Bxc2 Rxf3 40. Kxf3 Rf8+ 41. Kg2 Rf7 42. Rh6 Bg4 43. Rg6+
Rg7 44. Rd6 Rd7 45. Rg6+ Rg7 46. Rd6 Rd7 {Game drawn by mutual agreement}
1/2-1/2

[Event "ICC tourney 3383 (40 10)"]
[Site "Internet Chess Club"]
[Date "2024.02.10"]
[Round "3"]
[White "QUIRKE, JEFFREY L:PawnEatingZombi"]
[Black "YUAN, SERENA:doudou2011"]
[Result "1-0"]
[ICCResult "Black resigns"]
[WhiteElo "2165"]
[BlackElo "1908"]
[Opening "QGD: exchange, positional line, 5...c6"]
[ECO "D35"]
[NIC "QO.16"]
[Time "15:30:13"]
[PlyCount "79"]
[TimeControl "2400+10"]

1. d4 d5 2. c4 e6 3. Nc3 Nf6 4. cxd5 exd5 5. Bg5 c6 6. e3 Be7 7. Bd3 O-O 8.
Qc2 Nbd7 9. Nge2 Re8 10. f3 Nf8 11. O-O g6 12. Bh4 Ne6 13. Kh1 b5 14. Bf2 a5
15. e4 dxe4 16. fxe4 Ng4 17. Bg1 b4 18. Na4 Qc7 19. h3 Nf6 20. Rac1 Nh5 21.
d5 Nd8 22. dxc6 Bg5 23. Nb6 Ra6 24. Nd5 Qxc6 25. Nc7 Bxc1 26. Rxc1 Bb7 27.
Nxe8 Qxe8 28. Bxa6 Bxa6 29. Bh2 Bb7 30. e5 Ne6 31. Rd1 Qa8 32. Nd4 Nhf4 33.
Bxf4 Nxf4 34. Rd2 Be4 35. Qc7 Bxg2+ 36. Kh2 Qe4 37. Qd8+ Kg7 38. Qf6+ Kh6
39. Rf2 Qxd4 40. Rxf4 {Black resigns} 1-0

[Event "ICC tourney 3383 (40 10)"]
[Site "Internet Chess Club"]
[Date "2024.02.10"]
[Round "3"]
[White "GUI, SUYUAN:EatSleepChess"]
[Black "A Knapp, Joseph:jukebox"]
[Result "0-1"]
[ICCResult "White forfeits on time"]
[WhiteElo "1998"]
[BlackElo "2002"]
[Opening "Sicilian defense"]
[ECO "B40"]
[NIC "SI.43"]
[Time "15:30:34"]
[PlyCount "70"]
[TimeControl "2400+10"]

1. e4 c5 2. Nf3 e6 3. c3 Nf6 4. e5 Nd5 5. d4 cxd4 6. cxd4 d6 7. exd6 Bxd6 8.
Nc3 Nxc3 9. bxc3 Qc7 10. Bd2 O-O 11. Bd3 h6 12. O-O Nd7 13. Qe2 Nf6 14. Ne5
b6 15. f4 Nd5 16. Rae1 f6 17. Ng6 Re8 18. c4 Ne7 19. Qh5 Nxg6 20. Qxg6 Kf8
21. d5 Bd7 22. Qh7 f5 23. Bc3 Ke7 24. dxe6 Bc6 25. Bxf5 Kd8 26. e7+ Rxe7 27.
Bxg7 Bc5+ 28. Kh1 Bxg2+ 29. Kxg2 Rxg7+ 30. Qxg7 Qxg7+ 31. Kh1 Kc7 32. Be4
Rg8 33. f5 Qf6 34. Bd5 Rd8 35. Re6 Qd4 {White forfeits on time} 0-1

[Event "ICC tourney 3383 (40 10)"]
[Site "Internet Chess Club"]
[Date "2024.02.10"]
[Round "3"]
[White "QI, JENNY:eevee11"]
[Black "GU, CRYSTAL JIUZHOU:fantasymoon"]
[Result "1/2-1/2"]
[ICCResult "Game drawn by repetition"]
[WhiteElo "1891"]
[BlackElo "2055"]
[Opening "Caro-Kann: classical, 6.h4"]
[ECO "B19"]
[NIC "CK.11"]
[Time "15:30:34"]
[PlyCount "95"]
[TimeControl "2400+10"]

1. e4 c6 2. d4 d5 3. Nc3 dxe4 4. Nxe4 Bf5 5. Ng3 Bg6 6. h4 h6 7. Nf3 Nf6 8.
Ne5 Bh7 9. Bd3 e6 10. Bxh7 Nxh7 11. Qd3 Bd6 12. f4 Nd7 13. Bd2 Qe7 14. Ne4
Bc7 15. O-O-O O-O-O 16. Qb3 Nxe5 17. Bb4 Nd3+ 18. Rxd3 Bxf4+ 19. Kb1 Qd7 20.
Rf1 Bb8 21. Nc5 Qc7 22. a3 Rde8 23. Ne4 Rd8 24. Rdf3 f6 25. Qxe6+ Qd7 26.
Nc5 Qxe6 27. Nxe6 Rd7 28. Rd3 Re8 29. Nf4 Nf8 30. c3 Re4 31. Bxf8 Rxf4 32.
Rxf4 Bxf4 33. Rf3 Bc7 34. Re3 Rf7 35. Re8+ Kd7 36. Ra8 Bd8 37. Bb4 Bb6 38.
a4 a6 39. b3 g5 40. Rh8 gxh4 41. Rxh6 Rg7 42. Rxh4 Rxg2 43. Rh7+ Kc8 44.
Rh8+ Kd7 45. Rh7+ Kc8 46. Rh8+ Kd7 47. Rh7+ Kc8 48. Rh8+
{Game drawn by repetition}
1/2-1/2

[Event "ICC tourney 3383 (40 10)"]
[Site "Internet Chess Club"]
[Date "2024.02.10"]
[Round "4"]
[White "WANG, RACHEL ZIHAN:Rachelw07511"]
[Black "KARTHIKEYAN, HARISHKUMAR:TheThinker15647"]
[Result "1-0"]
[ICCResult "Black resigns"]
[WhiteElo "1903"]
[BlackElo "1953"]
[Opening "QGD: 6.Nf3"]
[ECO "D55"]
[NIC "QP.08"]
[Time "17:45:20"]
[PlyCount "45"]
[TimeControl "2400+10"]

1. d4 d5 2. c4 e6 3. Nf3 Nf6 4. Bg5 Be7 5. e3 O-O 6. Nc3 b6 7. Rc1 Bb7 8.
cxd5 Nxd5 9. Nxd5 Bxd5 10. Bxe7 Qxe7 11. Bd3 Bxa2 12. O-O Bd5 13. Qc2 h6 14.
Qxc7 Nd7 15. e4 Bb3 16. Ne5 Rfd8 17. Nc6 Qg5 18. f4 Qf6 19. e5 Qh4 20. g3
Qh3 21. Nxd8 Bd5 22. Rf2 Qxh2+ 23. Kxh2 {Black resigns} 1-0

[Event "ICC tourney 3383 (40 10)"]
[Site "Internet Chess Club"]
[Date "2024.02.10"]
[Round "4"]
[White "HSIAO, ETHAN:tashunhsiao"]
[Black "Yang, Daniel:danielbest"]
[Result "1-0"]
[ICCResult "Black checkmated"]
[WhiteElo "2076"]
[BlackElo "2146"]
[Opening "Sicilian: Najdorf, 6.Bg5"]
[ECO "B94"]
[NIC "SI.04"]
[Time "17:45:37"]
[PlyCount "29"]
[TimeControl "2400+10"]

1. e4 c5 2. Nf3 d6 3. d4 cxd4 4. Nxd4 Nf6 5. Nc3 a6 6. Bg5 Nbd7 7. a3 e6 8.
Bc4 b5 9. Bxe6 fxe6 10. Nxe6 Qb6 11. Nd5 Nxd5 12. Qxd5 Bb7 13. Nc7+ Qxc7 14.
Qe6+ Be7 15. Qxe7# {Black checkmated} 1-0

[Event "ICC tourney 3383 (40 10)"]
[Site "Internet Chess Club"]
[Date "2024.02.10"]
[Round "4"]
[White "ZHOU, JIANCHAO:TomCruise999"]
[Black "SANTOS LATASA, JAIME:jsl1996"]
[Result "1-0"]
[ICCResult "Black resigns"]
[WhiteElo "2662"]
[BlackElo "2662"]
[Opening "Réti opening"]
[ECO "A06"]
[NIC "QP.09"]
[Time "17:45:19"]
[PlyCount "55"]
[TimeControl "2400+10"]

1. Nf3 d5 2. e3 Nf6 3. c4 e6 4. Nc3 dxc4 5. Bxc4 a6 6. Bb3 b5 7. d4 Bb7 8.
O-O c5 9. e4 cxd4 10. Nxd4 Nc6 11. Nxc6 Bxc6 12. Qe2 b4 13. Rd1 Qb8 14. Nd5
Bd6 15. Nxf6+ gxf6 16. Qh5 Ke7 17. Be3 Qb5 18. Qh4 Rhd8 19. Rac1 Rac8 20.
Rxd6 Rxd6 21. Bc5 Qe2 22. Qg3 Rd8 23. Rd1 e5 24. Qg7 Be8 25. h3 Qxb2 26. Kh2
Qa3 27. f4 Qa5 28. Rd5 {Black resigns} 1-0

[Event "ICC tourney 3383 (40 10)"]
[Site "Internet Chess Club"]
[Date "2024.02.10"]
[Round "4"]
[White "JAGAN, AASHISH:aashishjagan"]
[Black "STEVENS, ADAM BENJAMIN:Dabs2"]
[Result "0-1"]
[ICCResult "White checkmated"]
[WhiteElo "1818"]
[BlackElo "2037"]
[Opening "Caro-Kann: Panov-Botvinnik, normal variation"]
[ECO "B13"]
[NIC "CK.03"]
[Time "17:45:19"]
[PlyCount "100"]
[TimeControl "2400+10"]

1. c4 c6 2. e4 d5 3. exd5 cxd5 4. d4 Nf6 5. Nc3 Nc6 6. Bg5 e6 7. c5 Be7 8.
Nf3 O-O 9. a3 a5 10. Bd3 b6 11. Bb5 Bb7 12. Bxc6 Bxc6 13. Ne5 Bb7 14. b4
bxc5 15. bxc5 Ba6 16. Nc6 Qc7 17. Nxe7+ Qxe7 18. f4 Rfb8 19. Qc2 Bc4 20. Kf2
h6 21. Bxf6 Qxf6 22. Qd2 a4 23. h4 Rb3 24. Rh3 Rab8 25. Nxa4 Rxh3 26. gxh3
Qxh4+ 27. Kg2 Rb3 28. Nc3 Qd8 29. Na4 Rd3 30. Qf2 Qa5 31. Nb6 Rd2 32. Nxc4
Rxf2+ 33. Kxf2 dxc4 34. c6 Qc7 35. a4 Qxc6 36. a5 Qa6 37. Rc1 Qxa5 38. Rxc4
Qa2+ 39. Kg3 Qxc4 40. d5 Qxd5 41. Kh4 g5+ 42. Kg4 Qf5+ 43. Kg3 Qxf4+ 44. Kg2
e5 45. Kg1 e4 46. h4 e3 47. h5 e2 48. Kg2 g4 49. Kh1 e1=Q+ 50. Kg2 Qfg3#
{White checkmated}
0-1

[Event "ICC tourney 3383 (40 10)"]
[Site "Internet Chess Club"]
[Date "2024.02.10"]
[Round "4"]
[White "OPASKA, MICHAEL:mopaska1106"]
[Black "QI, JENNY:eevee11"]
[Result "1/2-1/2"]
[ICCResult "Game drawn by mutual agreement"]
[WhiteElo "2053"]
[BlackElo "1891"]
[Opening "Kevitz-Trajkovich defense"]
[ECO "A50"]
[NIC "QP.07"]
[Time "17:46:00"]
[PlyCount "61"]
[TimeControl "2400+10"]

1. d4 Nf6 2. c4 Nc6 3. g3 e6 4. Bg2 d5 5. Nf3 dxc4 6. O-O Rb8 7. a4 a6 8.
Nbd2 Nxd4 9. Nxc4 Nxf3+ 10. Bxf3 Be7 11. Qc2 Bd6 12. Rd1 Qe7 13. b3 O-O 14.
Bb2 Rd8 15. Rac1 b6 16. Ne5 Bxe5 17. Rxd8+ Qxd8 18. Bxe5 Ne8 19. Bxc7 Nxc7
20. Qxc7 Qxc7 21. Rxc7 a5 22. Bc6 Ba6 23. Bb5 Bxb5 24. axb5 g6 25. Kf1 Rd8
26. Rc6 Rd1+ 27. Kg2 Rb1 28. Rxb6 Rxb3 29. Rb7 a4 30. Ra7 Rxb5 31. Rxa4
{Game drawn by mutual agreement}
1/2-1/2

[Event "ICC tourney 3383 (40 10)"]
[Site "Internet Chess Club"]
[Date "2024.02.10"]
[Round "4"]
[White "YUAN, SERENA:doudou2011"]
[Black "MARKOVIC, GORAN:Goran21"]
[Result "1-0"]
[ICCResult "Black checkmated"]
[WhiteElo "1908"]
[BlackElo "2006"]
[Opening "King's Indian: fianchetto, lesser Simagin (Spassky) variation"]
[ECO "E62"]
[NIC "KI.72"]
[Time "17:45:48"]
[PlyCount "129"]
[TimeControl "2400+10"]

1. d4 Nf6 2. Nf3 g6 3. g3 d6 4. Bg2 Bg7 5. O-O O-O 6. c4 Nc6 7. Nc3 Bf5 8.
d5 Na5 9. Nd4 Bd7 10. b3 c6 11. dxc6 Nxc6 12. Bb2 Qa5 13. e4 Nxd4 14. Qxd4
Qh5 15. Qd1 Bg4 16. Qd2 Bh3 17. f3 Be6 18. Nd5 Bxd5 19. exd5 Rfe8 20. Bd4 a6
21. g4 Bh6 22. Qf2 Qg5 23. h4 Qf4 24. g5 Bxg5 25. hxg5 Qxg5 26. Qe3 Qh4 27.
Rae1 Nh5 28. Qf2 Qg5 29. Be3 Qf6 30. Re2 e5 31. dxe6 Rxe6 32. Rfe1 Rae8 33.
Bd2 Qf5 34. Rxe6 fxe6 35. Qd4 Rd8 36. Qe4 Qc5+ 37. Qe3 Kf7 38. Qxc5 dxc5 39.
Bg5 Rd3 40. Kf2 b5 41. Re5 bxc4 42. bxc4 Ra3 43. Rxc5 Rxa2+ 44. Kg1 Rc2 45.
Rc7+ Kf8 46. Bh3 Re2 47. Rxh7 e5 48. Be6 e4 49. Rh8+ Kg7 50. Rg8+ Kh7 51.
Rd8 exf3 52. Rd7+ Kh8 53. Bh3 f2+ 54. Kg2 Re5 55. Bd2 Re2 56. Kf3 f1=Q+ 57.
Bxf1 Re6 58. Bc3+ Kg8 59. c5 Rc6 60. Bc4+ Kf8 61. Bd4 g5 62. Bd5 Rg6 63. c6
Nf4 64. Bc5+ Ke8 65. Bf7# {Black checkmated} 1-0